 Dungeon Crawl Stone Soup version 0.19-a0-1908-g43c011f (webtiles) character file.

6562 Jorund the Cleaver (level 11, -3/75 HPs)
             Began as a Formicid Fighter on Oct 22, 2016.
             Was a Follower of Uskayaw.
             Slain by a hill giant
             ... wielding a +0 giant club
              (20 damage)
             ... on level 10 of the Dungeon.
             The game lasted 00:23:22 (8504 turns).

Jorund the Cleaver (Formicid Fighter)               Turns: 8504, Time: 00:23:23

Health: -3/75      AC: 17    Str: 23    XL:     11   Next: 21%
Magic:  11/11      EV: 10    Int:  9    God:    Uskayaw [*.....]
Gold:   305        SH:  0    Dex: 13    Spells: 0 memorised, 10 levels left

rFire  + . .     SeeInvis +     K - +7 mace "Jiunkus" {crush, rF+ rC+}
rCold  + + .     Gourm    .     k - +4 scale mail {MR+}
rNeg   . . .     Faith    .     (no shield)
rPois  .         Spirit   .     (helmet unavailable)
rElec  .         Reflect  .     H - +0 cloak
rCorr  .         Harm     .     (no gloves)
MR     ++...                    m - +2 pair of boots
Stlth  ..........               (no amulet)
                                n - ring of protection from cold
                                d - +3 ring of dexterity

@: no status effects
A: permanent stasis, dig shafts and tunnels, four strong arms, antennae 3
a: Dig, Shaft Self, Stomp, Renounce Religion


You were on level 10 of the Dungeon.
You worshipped Uskayaw.
Uskayaw was noncommittal.
You were very hungry.

You visited 2 branches of the dungeon, and saw 11 of its levels.
You also visited: Labyrinth and Ossuary.

You collected 305 gold pieces.

Inventory:

Hand Weapons
 a - a +2 war axe
 t - a +2 hand axe of freezing
 F - a +0 hand crossbow
 K - the +7 mace "Jiunkus" (weapon) {crush, rF+ rC+}
   (You found it in a labyrinth)

   It inflicts extra damage upon your enemies.
   It protects you from fire.
   It protects you from cold.
 L - the +3 trident of Farockaz {flame, +Blink rPois Str+2}
   (You found it in a labyrinth)

   It has been specially enchanted to burn those struck by it, causing extra
   injury to most foes and up to half again as much damage against particularly
   susceptible opponents.
   It affects your strength (+2).
   It protects you from poison.
   It lets you blink.
Missiles
 G - 41 bolts
Armour
 c - a +0 shield
 k - a +4 scale mail of magic resistance (worn)
 m - a +2 pair of boots (worn)
 H - a +0 cloak (worn)
Rods
 o - a +4 rod of inaccuracy (12/12)
   (You found it in a labyrinth)
Jewellery
 d - a +3 ring of dexterity (left hand)
 n - a ring of protection from cold (right hand)
 q - an uncursed ring of fire
 v - the ring of the Will of the Gods {rElec rF+ Str+7 Slay-4}
   (You found it in a labyrinth)

   [ring of protection from fire]

   It affects your strength (+7).
   It affects your accuracy and damage with ranged weapons and melee attacks
   (-4).
   It protects you from fire.
   It insulates you from electricity.
Wands
 b - a wand of heal wounds (0/9)
 x - a wand of iceblast (3/15)
 y - a wand of flame (1/48)
 B - a wand of random effects (32/48)
 D - a wand of disintegration (5/24)
 I - a wand of slowing (16/48)
Scrolls
 e - 2 scrolls of remove curse
 s - 2 scrolls of amnesia
 A - a scroll of fog
Potions
 h - a potion of curing
 j - 2 potions of flight
 p - 2 potions of resistance
 r - 3 potions of ambrosia
 u - 3 potions of mutation {unknown}
 w - a potion of lignification
 z - a potion of cancellation
Books
 C - a book of Transfigurations

   Spells                             Type                      Level
   a - Irradiate                      Conjuration/Transmutation    5
   b - Statue Form                    Transmutation/Earth          6
   c - Hydra Form                     Transmutation                6
   d - Dragon Form                    Transmutation                7
 E - a book of Necromancy

   Spells                             Type                      Level
   a - Pain                           Necromancy                   1
   b - Animate Skeleton               Necromancy                   1
   c - Vampiric Draining              Necromancy                   3
   d - Regeneration                   Charms/Necromancy            3
   e - Animate Dead                   Necromancy                   4
   f - Control Undead                 Necromancy                   4
 J - a book of Geomancy

   Spells                             Type                      Level
   a - Sandblast                      Earth                        1
   b - Passwall                       Transmutation/Earth          2
   c - Stone Arrow                    Conjuration/Earth            3
   d - Petrify                        Transmutation/Earth          4
   e - Lee's Rapid Deconstruction     Earth                        5
Comestibles
 f - a bread ration
 i - 2 meat rations
 l - 3 beef jerkies


   Skills:
 - Level 3.2 Fighting
 + Level 13.6 Axes
 - Level 1.5 Crossbows
 + Level 9.5 Armour
 - Level 3.6 Shields
 * Level 0.8 Invocations


You had 10 spell levels left.
You didn't know any spells.

Dungeon Overview and Level Annotations

Branches:
Dungeon (11/15)            Temple (1/1) D:6
   Lair: D:8-11         Orc: D:9-12

Altars:
Ashenzari
Dithmenos
Elyvilon
Fedhas
Nemelex Xobeh
Okawaru
Qazlal
Ru
Sif Muna
Trog
Uskayaw
Vehumet


Innate Abilities, Weirdness & Mutations

You are under a permanent stasis effect.
You can dig through walls and to a lower floor.
Your four strong arms can wield two-handed weapons with a shield.
You have a pair of large antennae on your head. (SInv)


Message History

Unknown command.
You hit the hill giant but do no damage.
The hill giant is moderately wounded.
Unknown command.
You barely miss the hill giant.
The hill giant is moderately wounded.
The hill giant barely misses you.
Unknown command.
You hit the hill giant but do no damage.
The hill giant is moderately wounded.
The hill giant hits you with a giant club!!
* * * LOW HITPOINT WARNING * * *
Unknown command.
Unknown command.
Okay, then.
There is an open door, spattered with blood here.
You see here a giant club.
You feel better.
The hill giant hits you with a giant club!!
You die...

####'###......#
#......#......#
#......#......#
#......#......#
#......#......#
########......#
#......#....>.#
#......#......#
#@C....)......#
#......#......#
#......#......#
###############


You could see a hill giant.

Vanquished Creatures
  A minotaur (Lab)
  The ghost of Jorund the Cleaver, a novice FoFi (D:6)
  The ghost of Vesto the Skirmisher, a novice FoFi (D:5)
  2 gargoyles (Lab)
  2 minotaur zombies (Lab)
  Grinder (D:5)
  2 redbacks (Lab)
  Sigmund (D:5)
  A wraith (D:10)
  4 basilisks (Lab)
  The ghost of TugoseryaHuesosov the Cutter, an amateur SpGl of Uskayaw (D:3)
  3 ice beasts
  A black bear (D:6)
  5 ogres
  3 centaurs
  4 bullfrogs
  3 elf skeletons (D:4)
  A scorpion (D:5)
  A wight (D:8)
  2 howler monkeys
  3 crimson imps
  2 centaur zombies (Ossuary)
  A bullfrog zombie (D:5)
  A hound (D:4)
  A jelly (D:7)
  A gnoll shaman (D:6)
  An orc priest (D:7)
  An orc wizard (D:7)
  Terence (D:3)
  Natasha (thrice) (D:2 D:4)
  3 worker ants
  A big kobold zombie (Ossuary)
  A hound zombie (D:5)
  A hound skeleton (D:5)
  A howler monkey zombie (D:10)
  5 mummies (Ossuary)
  6 adders
  8 gnolls
  A howler monkey skeleton (D:4)
  An ooze (D:3)
  An adder zombie (D:7)
  3 worms
  4 dart slugs
  2 leopard geckos
  3 orcs
  6 bats
  6 giant cockroaches
  2 gnoll zombies (Ossuary)
  3 goblins
  6 hobgoblins
  A jackal (D:1)
  3 quokkas
  3 ball pythons
  6 frilled lizards
  A hobgoblin zombie (Ossuary)
  10 kobolds
  2 orc skeletons (D:4)
  3 orc zombies
  A quokka skeleton (D:6)
  5 rats
154 creatures vanquished.

Notes
Turn   | Place    | Note
-------+----------+-------------------------------------------
     0 | D:1      | Jorund the Formicid Fighter began the quest for the Orb.
     0 | D:1      | Reached XP level 1. HP: 18/18 MP: 1/1
   151 | D:1      | Reached XP level 2. HP: 19/24 MP: 2/2
   560 | D:2      | Noticed Natasha
   573 | D:2      | Killed Natasha
   573 | D:2      | Reached XP level 3. HP: 25/29 MP: 3/3
   578 | D:2      | Reached skill level 3 in Axes
   613 | D:2      | Reached XP level 4. HP: 34/35 MP: 4/4
   665 | D:2      | Found an iron altar of Okawaru.
   736 | D:2      | Found a faded altar of an unknown god.
  1283 | D:3      | Found a shattered altar of Ashenzari.
  1286 | D:3      | Noticed Terence
  1296 | D:3      | Killed Terence
  1296 | D:3      | Reached skill level 4 in Axes
  1296 | D:3      | Reached XP level 5. HP: 38/41 MP: 5/5
  1681 | D:3      | Noticed TugoseryaHuesosov's ghost (amateur SpGl)
  1702 | D:3      | Killed TugoseryaHuesosov's ghost
  1702 | D:3      | Reached skill level 5 in Axes
  1702 | D:3      | Reached skill level 5 in Armour
  1702 | D:3      | Reached XP level 6. HP: 17/47 MP: 6/6
  2011 | D:4      | Noticed an ogre
  2088 | D:4      | Noticed Natasha
  2099 | D:4      | Killed Natasha
  2103 | D:4      | Found a stormy altar of Qazlal.
  2231 | D:4      | Noticed Natasha
  2243 | D:4      | Killed Natasha
  2243 | D:4      | Reached XP level 7. HP: 35/52 MP: 7/7
  2284 | D:4      | Reached skill level 6 in Axes
  2312 | D:4      | Found a sand-covered staircase.
  2329 | Ossuary  | Entered an ossuary
  2922 | Ossuary  | Reached skill level 7 in Axes
  2939 | Ossuary  | Reached XP level 8. HP: 46/58 MP: 8/8
  3090 | D:4      | Found a sacrificial altar of Ru.
  3347 | D:4      | Found a sparkling altar of Nemelex Xobeh.
  3677 | D:5      | Entered Level 5 of the Dungeon
  3677 | D:5      | Noticed Sigmund
  3808 | D:5      | Killed Sigmund
  3808 | D:5      | Reached skill level 8 in Axes
  3977 | D:5      | Noticed Grinder
  3994 | D:5      | Killed Grinder
  4015 | D:5      | Found a radiant altar of Vehumet.
  4058 | D:5      | Reached skill level 9 in Axes
  4247 | D:5      | Noticed Vesto's ghost (novice FoFi)
  4261 | D:5      | Killed Vesto's ghost
  4261 | D:5      | Reached XP level 9. HP: 36/64 MP: 9/9
  4758 | D:6      | Reached skill level 10 in Axes
  4839 | D:6      | Found a staircase to the Ecumenical Temple.
  4888 | Temple   | Entered the Ecumenical Temple
  4900 | Temple   | Became a worshipper of Uskayaw the Reveler
  4950 | D:6      | Reached * piety under Uskayaw
  5086 | D:6      | Noticed Jorund's ghost (novice FoFi)
  5310 | D:6      | Reached ** piety under Uskayaw
  5313 | D:6      | Reached *** piety under Uskayaw
  5315 | D:6      | Killed Jorund's ghost
  5315 | D:6      | Reached skill level 11 in Axes
  5913 | D:7      | Reached XP level 10. HP: 70/70 MP: 10/10
  6010 | D:7      | Reached **** piety under Uskayaw
  6601 | D:8      | Reached skill level 12 in Axes
  6666 | D:8      | You fall through a shaft for 3 floors!
  6670 | D:11     | Found a labyrinth entrance.
  6693 | D:11     | Noticed a hill giant
  6708 | Lab      | Entered a labyrinth
  6747 | Lab      | Reached skill level 1 in Crossbows
  6936 | Lab      | Noticed a gargoyle
  6950 | Lab      | HP: 3/70 [gargoyle/flail of crushing (1)]
  6957 | Lab      | Killed a gargoyle
  7160 | Lab      | Noticed a gargoyle
  7180 | Lab      | Killed a gargoyle
  7532 | Lab      | Reached ***** piety under Uskayaw
  7558 | Lab      | Reached skill level 13 in Axes
  7674 | Lab      | Noticed a minotaur
  7682 | Lab      | Killed a minotaur
  7682 | Lab      | Reached XP level 11. HP: 38/75 MP: 11/11
  7687 | Lab      | Got a vibrating steel ring
  7688 | Lab      | Got a fine mace
  7689 | Lab      | Got a shimmering trident
  8157 | Lab      | Identified the ring of the Will of the Gods {rElec rF+ Str+7 Slay-4} (You found it in a labyrinth)
  8160 | Lab      | Identified the +7 mace "Jiunkus" {crush, rF+ rC+} (You found it in a labyrinth)
  8161 | Lab      | Identified the +3 trident of Farockaz {flame, +Blink rPois Str+2} (You found it in a labyrinth)
  8240 | D:10     | Entered Level 10 of the Dungeon
  8469 | D:10     | Noticed a hill giant
  8504 | D:10     | Slain by a hill giant

Vault maps used:
D:1:      sevenhm_arrival_forest_fort_large_4, st_stairs_8
D:2:      ecumenical_altar_2, kennysheep_okawaru_gauntlet, uniq_natasha
D:3:      minmay_door_path, ashenzari_altar_1, first_bread,
          kennysheep_generic_room_9, uniq_terence
D:4:      nicolae_ru_sacrificial_ziggurat, lemuel_crystal_altar,
          nicolae_ossuary_entry_catacombs, nemelex_xobeh_ov_fountains_minmay
D:5:      vehumet_altar_wand_db, serial_bayou, serial_bayou_shore_b,
          serial_bayou_shore_b, serial_bayou_pond_c, serial_bayou_pond_a,
          minmay_misc_feat_encased, uniq_sigmund, uniq_grinder
D:6:      minmay_misc_feat_columns, grunt_decor_fettered
D:8:      kennysheep_mini, slow_altar_1, serial_shops, shop, grunt_ogre_cave
D:10:     uniq_psyche
D:11:     serial_shops, shop, lab_entry_generic, nemelex_diamond_rough_becter
Temple:   eino_temple_water
Lab:      labyrinth_hidden_loot, nicolae_lab_arrow, nicolae_lab_grate_2,
          nicolae_lab_x, labyrinth_skeletal_remains, nicolae_lab_dead_end,
          nicolae_lab_grate
Ossuary:  ossuary_crypta

Skill      XL: |  1  2  3  4  5  6  7  8  9 10 |
---------------+-------------------------------+-----
Armour         | 4 5 6 7 9 |  9.5
Axes           | 3 4 5 7 9 11 13 | 13.6
Crossbows      | 1 |  1.5
Fighting       | |  3.2
Shields        | |  3.6
Invocations    | |  0.8

Action                   |  1- 3 |  4- 6 |  7- 9 | 10-12 || total
-------------------------+-------+-------+-------+-------++-------
Melee: War axe           |    46 |   179 |   250 |   191 ||   666
       Mace              |       |       |       |    23 ||    23
 Fire: Hand crossbow     |       |       |     1 |       ||     1
 Abil: Dig               |       |       |       |     1 ||     1
Evoke: Wand              |       |       |     5 |     7 ||    12
  Use: Scroll            |       |    12 |     8 |     6 ||    26
       Potion            |       |     1 |     3 |     8 ||    12
 Stab: Paralysed         |       |       |     1 |    10 ||    11
  Eat: Chunk             |       |     5 |     6 |     4 ||    15
       Bread ration      |       |       |     1 |     1 ||     2
Armor: Scale mail        |    50 |   115 |   105 |    80 ||   350
Dodge: Dodged            |    28 |    84 |   106 |    74 ||   292
